[Event "Olomouc Chess Summer-GM 2022"]
[Site "Olomouc"]
[Date "2022.08.17"]
[Round "6.5"]
[White "Frank, Adam"]
[Black "Winkelman, Albert"]
[Result "1/2-1/2"]
[ECO "C95"]
[WhiteElo "2313"]
[BlackElo "2278"]
[Annotator "TA"]
[PlyCount "178"]
[EventDate "2022.08.10"]
[EventCountry "CZE"]
[SourceTitle "playchess.com"]
[Source "ChessBase"]
[SourceQuality "1"]
[TimeControl "40/5400+30:1800+30"]

1. e4 e5 2. Nf3 Nc6 3. Bb5 a6 4. Ba4 Nf6 5. O-O Be7 6. Re1 b5 7. Bb3 O-O 8. h3 d6 9. c3 Nb8 10. d4 Nbd7 11. Nbd2 Bb7 12. Bc2 c5 13. d5 $1 {13.d5 scores better than 13.Nf1.} c4 {C95: Closed Ruy Lopez: Breyer Variation with 10 d4.} 14. Nf1 Qc7 15. Ng3 Rfb8 16. a4 (16. Nf5 $5 Bf8 17. Qd2 $14) 16... Bc8 17. Be3 Nc5 18. Qe2 Bd7 19. Nd2 {[#]} Bd8 $146 ({Predecessor:} 19... Nxa4 20. Bxa4 bxa4 21. Qxc4 Bd8 22. Qa2 h6 23. Rac1 Be7 24. Re2 Rb7 25. Ree1 Rab8 {½-½ (31) Vicioso Sanchez,M (2276)-Kirkov,T (2317) ICCF email 2018}) 20. f4 Nxa4 21. Bxa4 bxa4 22. fxe5 (22. Nxc4 $2 Bb5 23. fxe5 dxe5 $19) 22... dxe5 23. Qxc4 (23. Nxc4 $2 Bb5 24. Kh1 Bxc4 $19) (23. Ra2 $1 $11) 23... Rxb2 $15 24. Qxc7 Bxc7 25. Rec1 Rc8 26. c4 (26. Nc4 $142 Rb7 27. Bf2) 26... Ba5 $1 $17 27. Ngf1 Bb4 28. c5 Bb5 29. Nc4 Rb3 (29... a3 $1 $17 30. Nfd2 Bxc5 31. Bxc5 Rxc5 32. Nxa3 Rxc1+ 33. Rxc1 g6 34. Nxb5 axb5) 30. Nd6 ({White should try} 30. Nb6 $1 $15 Rc7 31. d6) 30... Rc7 $1 $19 {aiming for ...Bxf1.} 31. Nf5 Nxe4 32. d6 Rxc5 33. Bxc5 Bxc5+ {This bishop pair is nice.} 34. Kh2 g6 $1 35. Nd2 Nxd2 ({Stronger than} 35... gxf5 36. Nxe4 Bb6 37. Nc3 $17) 36. Ne7+ {[#]} Kg7 (36... Kf8 $1 $19 37. Rxc5 Ne4) 37. Rxc5 $17 Rd3 {...Nb3 is the strong threat.} 38. Rxe5 (38. Rd5 $17 Rxd5 39. Nxd5) 38... Rxd6 39. Rd5 Nf1+ 40. Kg1 Re6 41. Nc8 Ne3 42. Rd6 (42. Rc5 $17) 42... Re8 43. Nb6 {[#]} Nc2 $1 44. Ra2 Re1+ 45. Kh2 Ne3 46. Nxa4 Bxa4 ({Better is} 46... Rc1 $17 {Threatens to win with ...h5.} 47. Nb6 f5) 47. Rxa4 {[%mdl 4096] Endgame KRR-KRN. The position is equal.} Re2 48. Raxa6 Rxg2+ 49. Kh1 Rf2 50. Ra7 h6 51. Rd3 Nf5 52. Kg1 Rf4 53. Rdd7 Nh4 54. Ra6 Rf3 55. Kh2 g5 56. Rda7 h5 57. Ra3 Rf2+ 58. Kg1 Rb2 59. Ra2 Rb1+ 60. Kh2 Kg6 61. Rf2 f6 62. Ra6 Nf5 63. Ra5 Nd6 64. Kg2 Rb3 65. Re2 Nf5 66. Rf2 Nh4+ 67. Kh2 Nf3+ 68. Kg2 g4 69. hxg4 hxg4 70. Kg3 Ne5+ 71. Kg2 Kg5 72. Re2 Kf4 73. Ra4+ ({But not} 73. Rf2+ Nf3 $15) 73... Kf5 74. Ra5 Rh3 75. Rf2+ Kg5 76. Re2 Kf4 77. Ra4+ Kf5 78. Ra5 Rc3 79. Rf2+ Kg5 80. Re2 Kf4 81. Ra4+ ({Much weaker is} 81. Rf2+ Nf3 $15) 81... Nc4 82. Re6 {Hoping for Rc6.} Rc2+ 83. Kg1 {And now Rc6 would win.} Rc1+ 84. Kf2 g3+ 85. Kg2 Rc2+ 86. Kg1 Rc1+ 87. Kg2 Rc2+ 88. Kg1 Kg5 89. Re8 Rc3 {Black had all chances to win.  Weighted Error Value: White=0.16 (very precise) /Black=0.08 (flawless)} 1/2-1/2

[Event "Olomouc Chess Summer-GM 2022"]
[Site "Olomouc"]
[Date "2022.08.18"]
[Round "7.1"]
[White "Winkelman, Albert"]
[Black "Mirzoev, Azer"]
[Result "0-1"]
[ECO "D31"]
[WhiteElo "2278"]
[BlackElo "2424"]
[Annotator "TA"]
[PlyCount "162"]
[EventDate "2022.08.10"]
[EventCountry "CZE"]
[SourceTitle "playchess.com"]
[Source "ChessBase"]
[SourceQuality "1"]
[TimeControl "40/5400+30:1800+30"]

1. d4 d5 2. c4 e6 3. Nc3 Be7 4. Nf3 Nf6 5. Bg5 Nbd7 6. e3 h6 7. Bh4 O-O 8. Bd3 dxc4 9. Bxc4 c5 10. O-O a6 11. a4 b6 12. Rc1 Bb7 13. Qe2 Qb8 {[%emt 0:06:39] D58: Queen's Gambit Declined: Tartakower Defence.} 14. Rfd1 Re8 {[%emt 0:04:12] [#]} 15. Ba2 $146 ({Predecessor:} 15. Bg3 Qa7 16. Ne5 Rad8 17. f4 cxd4 18. Rxd4 Bc5 19. Rd3 Nxe5 20. fxe5 Rxd3 21. Qxd3 {½-½ (42) Ternovoy,K (1862)-Chakeyeva,A (1674) Pavlodar 2014}) 15... cxd4 {[%emt 0:02:39] The position is equal.} 16. Nxd4 Bd6 17. Bg3 Bxg3 18. hxg3 Nc5 19. b4 Nce4 20. Nxe4 Bxe4 21. Bc4 Qb7 (21... Bb7 $11) 22. f3 Bd5 23. Bd3 {[%emt 0:00:14] Strongly threatening b5.} e5 24. Nf5 Red8 {[%emt 0:00:21] Inhibits Nd6.} ({Weaker is} 24... e4 25. fxe4 Bxe4 26. Nd6 Bxd3 27. Rxd3 $16 (27. Nxb7 $2 {is the wrong capture.} Bxe2 28. Rd4 Rxe3 $19) (27. Qxd3 Qe7 $16)) 25. e4 (25. Bc4 {is interesting.} Be6 26. Bxe6 fxe6 27. Qa2) 25... Be6 (25... Bb3 $5 ) 26. Ne3 Rd4 27. Rb1 (27. Bc4 $14) 27... Qa7 28. Kh2 a5 29. Nc2 Rdd8 30. Bb5 Qc7 31. bxa5 bxa5 32. Ne3 Rac8 33. Qb2 Qc5 34. Rxd8+ Rxd8 35. Qc1 Qa7 36. Qe1 Ne8 37. Bxe8 Rxe8 38. Rb5 Ra8 39. Rxe5 Qd4 {[%emt 0:00:11][%csl LRa4,LRe5] Prevents Qc3.} 40. Rxa5 {[%emt 0:00:04] Black continues to play with concentration.} (40. f4 $11) 40... Rxa5 $17 41. Qxa5 Qxe3 42. Qa8+ Kh7 43. a5 {[%emt 0:00:18] [#]} Bc4 44. a6 {[%emt 0:06:25] [#]} (44. Qc8 $17 {keeps fighting.} Qe2 45. Qc5) 44... Bf1 $1 $19 {[%emt 0:00:00] ( -> ...Qd2)} ({And not} 44... Qa3 45. a7 $11) 45. Qc8 (45. Qd5 {only move.} Qa7 46. Qf5+ g6 47. Qd5) 45... Qa7 46. Qf5+ g6 47. Qf6 Bxa6 48. g4 $2 (48. Qa1) 48... Bc4 49. Qe5 Qa2 50. Kg1 Qd2 51. Qc7 Qd4+ 52. Kh2 Be6 53. Qf4 Kg7 54. Qg3 Qf6 55. Qc7 h5 56. gxh5 Qh4+ 57. Kg1 Qxh5 58. Qc3+ $2 (58. g4 Qb5 59. Qc3+ Kh7 60. Kf2) 58... Kh7 {[%emt 0:00:00] Threatens to win with ...Qh6.} 59. Qc7 Qh6 {[%emt 0:00:00] White must now prevent ...Qe3+.} 60. Qe5 (60. g4 $142) 60... Qh4 $2 (60... Qc1+ 61. Kh2 Qe3) 61. Qc7 $2 (61. g4) 61... Kg7 $2 (61... Qe1+ 62. Kh2 g5) 62. Qe5+ $2 (62. g4) 62... Qf6 63. Qc7 g5 64. Qc5 Qf4 65. Qd4+ Kh7 66. Qd3 g4 67. Kf2 Qh2 (67... g3+ $142 68. Ke2 Qc1 69. Qd2 Bc4+ 70. Ke3 Qxd2+ 71. Kxd2 Kg6 72. f4 Bf1 73. Ke3 Bxg2 74. f5+ Kg5 75. f6 Bh1 76. e5 Kf5 77. e6 Kxe6 78. Ke2 Kxf6 79. Kf1 g2+ 80. Kg1 Kf5 81. Kh2 Ke4 82. Kg1 Ke3 83. Kh2 Kf2 84. Kh3 g1=Q 85. Kh4 Bf3 86. Kh3 Qh1#) 68. fxg4 Qh4+ 69. Kg1 Qxg4 70. Qe3 Kg6 71. e5 (71. Kf2 $19) 71... Kf5 {[%emt 0:00:00] Black mates.} 72. Qf2+ Qf4 73. Qc2+ Kxe5 74. Qc7+ Kf5 75. Qc5+ Qe5 76. Qf2+ Kg6 77. Qb6 Kg7 78. Qf2 Bd5 79. Qd2 Kg6 80. Qf2 Qg5 81. Qc2+ Kh6 {Weighted Error Value: White=0.34/Black=0.08 (flawless)} 0-1

[Event "Olomouc Chess Summer-GM 2022"]
[Site "Olomouc"]
[Date "2022.08.18"]
[Round "7.2"]
[White "Pap, Gyula"]
[Black "Frank, Adam"]
[Result "1/2-1/2"]
[ECO "B51"]
[WhiteElo "2481"]
[BlackElo "2313"]
[Annotator "TA"]
[PlyCount "34"]
[EventDate "2022.08.10"]
[EventCountry "CZE"]
[SourceTitle "playchess.com"]
[Source "ChessBase"]
[SourceQuality "1"]
[TimeControl "40/5400+30:1800+30"]

1. e4 c5 2. Nf3 d6 3. Bb5+ Nd7 4. c4 Ngf6 5. Nc3 g6 6. O-O {[%emt 0:00:45] B51: Sicilian: Moscow Variation (3 Bb5+) without 3...Bd7.} Bg7 7. d4 cxd4 8. Nxd4 O-O 9. Ba4 (9. Bxd7 $5 Bxd7 10. b3 $11) 9... a6 (9... Qb6 {is interesting.} 10. Ndb5 Ne5 11. Be3 Qa5) 10. h3 Qc7 11. Bb3 {[%emt 0:08:09] [#]} e5 $146 ({Predecessor:} 11... e6 12. Be3 b6 13. Rc1 Bb7 14. Bc2 Rac8 15. Bb1 Qb8 16. b3 Qa8 17. Nde2 d5 18. exd5 exd5 19. cxd5 {1-0 (30) Tsydypov,Z (2529)-Sorokin,A (2486) Sochi 2017}) 12. Nc2 Nb6 {[%emt 0:00:04] The position is equal.} 13. Bg5 Be6 14. Ne3 h6 15. Bxf6 Bxf6 16. Ncd5 Nxd5 17. Nxd5 Bxd5 {[%emt 0:00:04] Not much happened in this game.  Weighted Error Value: White=0.06 (flawless) /Black=0.05 (flawless)} 1/2-1/2

[Event "Olomouc Chess Summer-GM 2022"]
[Site "Olomouc"]
[Date "2022.08.18"]
[Round "7.3"]
[White "Stalmach, Richard"]
[Black "Krejci, Jan"]
[Result "1/2-1/2"]
[ECO "D35"]
[WhiteElo "2363"]
[BlackElo "2511"]
[Annotator "TA"]
[PlyCount "49"]
[EventDate "2022.08.10"]
[EventCountry "CZE"]
[SourceTitle "playchess.com"]
[Source "ChessBase"]
[SourceQuality "1"]
[TimeControl "40/5400+30:1800+30"]

1. d4 Nf6 2. c4 e6 3. Nc3 d5 4. cxd5 exd5 5. Bg5 c6 6. e3 Bd6 7. Bd3 O-O 8. Nge2 {[%emt 0:02:50] D35: Queen's Gambit Declined: Exchange Variation.} Re8 9. Qc2 {[%emt 0:05:49][%cal Od3h7] Hoping for Bxh7+!} h6 10. Bh4 a5 11. h3 Na6 12. a3 {[%emt 0:00:30] Against Nb4} Nc7 13. O-O Ne6 14. f3 {[%emt 0:04:58] 14.f4 is the fancy move.} Ng5 15. e4 $2 {[%emt 0:12:50] [#]} (15. f4 $11 Ne6 16. Ng3) 15... Nfxe4 $1 $17 16. fxe4 {[%emt 0:03:56] [#]} (16. Bxe4 $17 {was called for.} dxe4 17. Bxg5 (17. Nxe4 $2 Nxh3+ 18. gxh3 Qxh4 $19) 17... Qxg5 18. Nxe4) (16. Kh1 Nxc3) 16... Nxh3+ $1 $19 17. gxh3 Qxh4 18. Rf2 Bxh3 {[%emt 0:02:19] [#]} 19. exd5 $146 (19. Nxd5 cxd5 20. e5) ({Predecessor:} 19. Rd1 Re5 20. dxe5 Bc5 21. Nd4 Bxd4 22. Rdd2 Qg3+ 23. Kh1 Bg4 24. Bf1 Bf3+ 25. Bg2 Qh3+ {0-1 (25) Moiseenko,A (2628)-Korley,K (2437) Helsingor 2019}) 19... cxd5 $2 (19... Re3 20. Bh7+ (20. Ne4 $2 Qg4+ 21. Kh1 Bf1 $19) 20... Kh8) 20. Qd2 {[%emt 0:06:13] [#]} Rad8 $1 {[%emt 0:17:09][%mdl 1024] Black has strong compensation.} 21. Bc2 $2 (21. Nf4 {is a better defense.} Qg3+ 22. Kh1) 21... Qg4+ $2 ({Better is} 21... Re6 $19 {[%cal Of7f5] Threatens to win with ...f5!} 22. Nf4 Qg5+ 23. Kh1 Bg4) 22. Kh1 $11 Qh4 $2 (22... Bb8 $11) 23. Kg1 $19 Qg4+ $2 (23... Re6 $19 24. Nf4 Qg5+ 25. Kh1 Bg4) 24. Kh1 $11 Qh4 ({Black should play} 24... Bb8 $11) 25. Kg1 {[%emt 0:00:05] Weighted Error Value: White=0.51/Black=0.80} 1/2-1/2

[Event "Olomouc Chess Summer-GM 2022"]
[Site "Olomouc"]
[Date "2022.08.18"]
[Round "7.4"]
[White "Lutsko, Artem"]
[Black "Sorm, Daniel"]
[Result "1-0"]
[ECO "D35"]
[WhiteElo "2392"]
[BlackElo "2308"]
[Annotator "TA"]
[PlyCount "59"]
[EventDate "2022.08.10"]
[EventCountry "CZE"]
[SourceTitle "playchess.com"]
[Source "ChessBase"]
[SourceQuality "1"]
[TimeControl "40/5400+30:1800+30"]

1. c4 e6 2. Nc3 d5 3. d4 Nf6 4. cxd5 exd5 5. Bg5 c6 6. e3 Bd6 {[%emt 0:00:18] 6...h6 is the modern continuation.} 7. Bd3 h6 {[%emt 0:00:59] D35: Queen's Gambit Declined: Exchange Variation.} 8. Bh4 O-O 9. Nf3 Re8 {[%emt 0:00:39] White has an edge.} 10. O-O Be6 {[%emt 0:00:22] [#]} (10... Nbd7 $11) 11. Ne5 $1 $16 c5 {[%emt 0:00:37] [#]} 12. Nb5 $146 ({Predecessor:} 12. f4 cxd4 13. exd4 Nc6 14. f5 Nxd4 15. Bxf6 Qxf6 16. fxe6 Qxe6 17. Nf3 Nc6 18. Kh1 {1-0 (30) Balaji,A (2206)-Rosen,E (2353) Chess.com INT 2021}) 12... Be7 13. dxc5 {[%emt 0:00:09] 0x0.0019ee847d00dp-1022s more active pieces. The black rooks are badly placed.} Bxc5 14. Rc1 Na6 15. Nd4 Bd6 (15... Bxd4 $16 {keeps fighting.} 16. exd4 Rc8) 16. Bxa6 $18 bxa6 17. Nec6 {[%emt 0:02:25][%cal Be5c6,Bc6d4,Bd4f5,Bf5h6][%mdl 32] Pair of Knights!} Qd7 18. Bxf6 gxf6 19. f4 {[%emt 0:16:40] Threatens to win with f5.} Bf5 (19... Bg4 $16 20. Qb3 Rac8) 20. Nxf5 Qxf5 21. Nd4 $40 {[%emt 0:00:12][%mdl 128] White has strong attack.} Qe4 22. Qg4+ Kh7 23. Nf5 Rg8 {[%emt 0:00:11] Against Qg7+} 24. Qh3 {[%emt 0:00:05][%csl Gf5][%cal Rh3h6] Really sharp!} Bf8 25. Rc7 Qe6 {[%emt 0:00:07] [#]} (25... Rg6 {was called for.} 26. Rxf7+ Kh8) 26. Re7 $3 Qc8 (26... Qxe7 27. Nxe7) 27. Qh5 Rg7 {[%emt 0:06:53] [#]} 28. Nxh6 $1 Rxg2+ (28... Bxe7 29. Nf5+) 29. Kxg2 Qh3+ 30. Kxh3 {[%emt 0:00:08] Weighted Error Value: White=0.04 (flawless) /Black=0.60} 1-0

[Event "Olomouc Chess Summer-GM 2022"]
[Site "Olomouc"]
[Date "2022.08.18"]
[Round "7.5"]
[White "Baum, Jonasz"]
[Black "Svanda, Ondrej"]
[Result "1-0"]
[ECO "E10"]
[WhiteElo "2410"]
[BlackElo "2363"]
[Annotator "TA"]
[PlyCount "117"]
[EventDate "2022.08.10"]
[EventCountry "CZE"]
[SourceTitle "playchess.com"]
[Source "ChessBase"]
[SourceQuality "1"]
[TimeControl "40/5400+30:1800+30"]

1. d4 Nf6 2. c4 e6 3. Nf3 d5 4. g3 Bb4+ 5. Bd2 Be7 6. Bg2 O-O 7. O-O c6 8. Qc2 Nbd7 9. Rd1 b6 {E11: Bogo-Indian.} 10. Ne5 Bb7 11. cxd5 cxd5 {The position is equal.} 12. Nc6 Bxc6 13. Qxc6 Qc8 14. Qa4 Qb7 15. Nc3 {[#]} Rfc8 $146 ({Predecessor:} 15... Rac8 16. e3 a6 17. Rdc1 Rc7 {½-½ (60) Donchenko,A (2563)-Neiksans,A (2599) Chartres 2017}) 16. Rdc1 a6 17. Qb3 b5 18. Nd1 Nb6 19. Qd3 Rxc1 20. Rxc1 Rc8 21. Rc2 Rc6 22. b3 Qc8 23. Rxc6 Qxc6 24. Qc3 Qxc3 25. Bxc3 Ba3 26. f3 Nfd7 27. Bb2 Bb4 28. Kf2 f5 29. e3 Kf7 30. Ke2 Nb8 31. Nf2 Nc6 32. Nd3 Bd6 33. e4 g6 34. exf5 exf5 35. Ne5+ Bxe5 36. dxe5 $14 {[%mdl 4096] Endgame KBB-KNN} Ke6 37. f4 {Black is on the road to losing.} Nb4 38. a3 Nc6 39. Kd3 Nd7 40. Bd4 {Inhibits Nc5+.} g5 41. h4 ({Weaker is} 41. fxg5 Ndxe5+ 42. Bxe5 Kxe5 $11) 41... g4 (41... gxf4 {was called for.} 42. gxf4 Ne7) 42. Kc3 $18 Na5 43. Bf2 Nb7 $2 {[#]} (43... Nc6 44. Bf1 Kf7) 44. Kd4 Nb6 45. Be1 {Prevents Na5.} Nd8 46. Bd2 h5 47. Be1 Nb7 48. a4 bxa4 49. bxa4 {[#] Black must now prevent a5.} a5 50. Bd2 (50. Bc3 $142 Kd7 51. Bxd5 Nxd5 52. Kxd5) 50... Nd8 51. Bxa5 {White mates.} Nc6+ 52. Kc5 Nxa5 53. Kxb6 {KB-KN} Nc4+ 54. Kc5 Ne3 55. Bh1 Nf1 56. a5 Nxg3 57. Bxd5+ Ke7 58. a6 Ne4+ 59. Bxe4 {Weighted Error Value: White=0.04 (flawless) /Black=0.39} 1-0

[Event "Olomouc Chess Summer-GM 2022"]
[Site "Olomouc"]
[Date "2022.08.19"]
[Round "8.1"]
[White "Mirzoev, Azer"]
[Black "Svanda, Ondrej"]
[Result "1/2-1/2"]
[ECO "D38"]
[WhiteElo "2424"]
[BlackElo "2363"]
[Annotator "TA"]
[PlyCount "39"]
[EventDate "2022.08.10"]
[EventCountry "CZE"]
[SourceTitle "playchess.com"]
[Source "ChessBase"]
[SourceQuality "1"]
[TimeControl "40/5400+30:1800+30"]

1. d4 Nf6 2. Nf3 e6 3. c4 d5 4. Nc3 Bb4 5. Qa4+ Nc6 6. cxd5 exd5 7. Bg5 h6 8. Bxf6 Qxf6 9. e3 O-O 10. Be2 Rd8 11. O-O {[%emt 0:00:36] D38: Queen's Gambit Declined: Ragozin Defence (4 Nf3 Bb4).} Be6 12. Rfc1 a6 13. a3 Bd6 14. Qd1 Ne7 15. Na4 b6 {[%emt 0:01:46] [#]} 16. Qf1 $146 ({Predecessor:} 16. b4 Ng6 17. Nb2 Nh4 18. Nd3 Bf5 19. Nfe5 Bxd3 20. Nxd3 Nf5 21. a4 Ne7 22. b5 {1-0 (73) Iturrizaga Bonelli,E (2649)-Guo,Q (2439) Caleta 2015}) 16... Bc8 17. Rab1 Bf5 18. Ra1 Bc8 19. Rab1 Bf5 20. Ra1 {[%emt 0:00:04] A rather calm draw.  Weighted Error Value: White=0.05 (flawless) /Black=0.04 (flawless)} 1/2-1/2

[Event "Olomouc Chess Summer-GM 2022"]
[Site "Olomouc"]
[Date "2022.08.19"]
[Round "8.2"]
[White "Sorm, Daniel"]
[Black "Baum, Jonasz"]
[Result "1-0"]
[ECO "E29"]
[WhiteElo "2308"]
[BlackElo "2410"]
[Annotator "TA"]
[PlyCount "143"]
[EventDate "2022.08.10"]
[EventCountry "CZE"]
[SourceTitle "playchess.com"]
[Source "ChessBase"]
[SourceQuality "1"]
[TimeControl "40/5400+30:1800+30"]

1. d4 Nf6 2. c4 e6 3. Nc3 Bb4 4. e3 O-O 5. a3 Bxc3+ 6. bxc3 c5 7. Bd3 Nc6 8. Ne2 b6 9. O-O Ba6 10. e4 Ne8 11. Be3 d6 12. Ng3 Na5 13. Qe2 {[%emt 0:00:32] E29: Nimzo-Indian: Sämisch: 5...0-0 6 e3 c5 7 Bd3 Nc6.} Rc8 14. Rac1 Qd7 15. e5 {[%emt 0:06:12] The position is equal.} f5 {[%emt 0:05:48] And now ...f4 would win.} 16. exf6 $1 Nxf6 {[%emt 0:00:05] [#]} 17. Nh5 $146 ({Predecessor:} 17. dxc5 bxc5 18. Nh5 Qf7 19. Nxf6+ Qxf6 20. Rfd1 Rb8 21. Qc2 Nxc4 22. Bxc4 Bxc4 23. Rxd6 {0-1 (44) Wang,D (2130)-Kojima,S (2264) Kecskemet 2012}) 17... Qf7 18. Nxf6+ Qxf6 19. Qh5 g6 (19... h6 $1 $15) 20. Qe2 $11 e5 21. dxe5 dxe5 22. Qg4 {[%emt 0:01:32] Against Qe6} Rfe8 23. Rfd1 Rc7 24. Be4 Bxc4 25. Bd5+ (25. Rd7 Be6 26. Rd6 Rd7 $1 $17 ) 25... Bxd5 26. Rxd5 Qe6 27. Qe4 Rd7 28. Rcd1 Red8 29. c4 Rxd5 30. cxd5 Qf5 31. Qa4 Qd7 32. Qe4 Qf5 $40 {[%emt 0:01:06][%mdl 128] Black is up to no good.} 33. Qa4 Qd7 34. Qe4 Nc6 35. Bg5 Re8 36. Qa4 {[%emt 0:13:07][%mdl 64] Pin} Nb8 37. Qc4 Kg7 38. Qh4 Qf7 39. d6 Nd7 40. Be7 (40. Bh6+ $11 Kh8 41. Qa4) 40... Qe6 (40... b5 $1 $17) 41. Qe4 (41. Bg5 h5 $15) (41. Qa4 $11 {keeps the balance.}) 41... Qf5 (41... Rb8 $1 $17) 42. Qc6 Rb8 43. Qb5 a5 (43... a6 $5 44. Qxa6 b5 $15) 44. h3 Qe6 45. Rc1 Kg8 46. a4 Rc8 47. Qa6 Re8 48. Qb5 Kg7 49. Rc3 Rc8 50. Qa6 Rb8 51. Qb5 Rg8 52. Qc6 Rb8 ({Black should try} 52... h6 $11) 53. Qc7 (53. Re3 $1 $14) 53... b5 (53... h6 $11) 54. Rxc5 $14 {[%emt 0:00:06][%cal Oa4b5] White is much more active.} b4 (54... bxa4 $2 55. Rxa5 Qf5 56. Bg5 $1 $18 ) 55. Rb5 $2 (55. Rxa5 $2 b3 56. Kh2 b2 57. Qxb8 Nxb8 $19) (55. Rc2 $1 $14 {keeps the upper hand.}) 55... Rxb5 $19 56. axb5 {[%emt 0:00:04][%mdl 4096] Endgame KQB-KQN} b3 $1 {[%emt 0:01:09] Strongly threatening ...b2.} 57. Qc3 Qd5 58. Qc6 {[%emt 0:00:22] [#]} Qe6 (58... Qd1+ 59. Kh2 Qd2 60. Bg5 (60. Qxd7 Qf4+ 61. Kh1 Qc1+ 62. Kh2 Qf4+ 63. Kh1 Qc1+ 64. Kh2 Qf4+ $11) 60... Qxg5 61. Qxd7+ Kg8 62. Qc8+ Kg7 63. Qc7+ Kh6 64. Qf7 $18) (58... Qf7 $142 $1 {Hoping for ...b2.} 59. Qc1 (59. Qxd7 $2 b2 $19) (59. Qc3 Qd5) 59... Qd5) 59. Qc3 a4 {[%emt 0:00:17] Threatens to win with ...a3.} 60. Qb4 (60. Bg5 a3 61. Bc1) 60... Qd5 {[%emt 0:01:32] White must now prevent ...Qd4.} 61. b6 Qd4 $2 (61... Qc5 $19 62. Qxa4 b2) 62. Qb5 $1 $11 b2 (62... Qxb6 63. Qxd7) 63. b7 Qd1+ 64. Kh2 b1=Q {[%emt 0:00:09] ( -> ...Qg1+)} 65. Qxd7 Qg1+ 66. Kg3 {[%emt 0:00:02] Intending Bg5+ and mate.} Qb3+ 67. f3 {[%emt 0:00:17] Dancing on a razor blade.} Qf7 $2 {[%emt 0:00:51][%mdl 8192] [#]} (67... Qxf3+ $11 68. Kxf3 Qf1+ 69. Ke3 (69. Ke4 Qc4+ 70. Kxe5 Qc5+ 71. Kf4 Qd4+ 72. Kf3 Qd3+ 73. Kf2 Qd4+ 74. Kg3 Qe5+ 75. Kf3 Qd5+ 76. Kg4 Qd4+ 77. Kg3 Qe5+ 78. Kg4 Qd4+ 79. Kg3 $11) 69... Qf4+ 70. Kd3 (70. Ke2 Qc4+ 71. Kf2 Qf4+ 72. Kg1 Qc1+ 73. Kf2 Qd2+ 74. Kf3 Qd3+ 75. Kf2 Qd2+ 76. Kf1 Qd1+ 77. Kf2 Qd2+ $11) 70... Qd4+ 71. Kc2 Qc4+ 72. Kb2 Qb3+ 73. Kc1 Qc3+ 74. Kd1 Qd4+ 75. Ke2 Qb2+ 76. Kf1 Qc1+ 77. Kf2 Qd2+ 78. Kf3 (78. Kg1 Qc1+ 79. Kh2 Qf4+ 80. g3 Qd2+ 81. Kg1 Qe1+ 82. Kh2 Qf2+ 83. Kh1 Qe1+ 84. Kh2 Qf2+ 85. Kh1 Qe1+ 86. Kh2 $11) 78... Qd3+ 79. Kf2 Qd2+ 80. Kg1 Qc1+ 81. Kh2 Qf4+ 82. g3 Qf2+ 83. Kh1 Qe1+ 84. Kh2 Qf2+ 85. Kh1 Qe1+ 86. Kh2 Qf2+) 68. Bf8+ $1 {[%emt 0:02:16][%mdl 576] Pin} Kg8 69. Qxf7+ Kxf7 70. b8=Q {[%emt 0:00:10] Threatening mate with d7.} Qd4 71. Bh6 {[%emt 0:00:59] Qc7+ would kill now.} Ke6 72. Qc7 {[%emt 0:02:49] Never resign too early!  Weighted Error Value: White=0.26 (precise) /Black=0.18 (very precise)} 1-0

[Event "Olomouc Chess Summer-GM 2022"]
[Site "Olomouc"]
[Date "2022.08.19"]
[Round "8.3"]
[White "Krejci, Jan"]
[Black "Lutsko, Artem"]
[Result "1/2-1/2"]
[ECO "E46"]
[WhiteElo "2511"]
[BlackElo "2392"]
[Annotator "TA"]
[PlyCount "37"]
[EventDate "2022.08.10"]
[EventCountry "CZE"]
[SourceTitle "playchess.com"]
[Source "ChessBase"]
[SourceQuality "1"]
[TimeControl "40/5400+30:1800+30"]

1. d4 Nf6 2. c4 e6 3. Nc3 Bb4 4. e3 O-O 5. Nge2 Re8 6. a3 Bf8 7. Ng3 d5 8. Be2 {[%emt 0:04:03] E46: Nimzo-Indian: Rubinstein: 4 e3 0-0 5 Ne2 without early Bd3.} b6 9. O-O {[%emt 0:01:15] 9.0-0 scores better than 9.cxd5.} Bb7 10. Bf3 {[%emt 0:02:19] The position is equal.} Nbd7 {[%emt 0:11:23][%cal Bb8d7,Bd7c5,Bc5b3][%mdl 32] [#]} 11. b3 $146 ({Predecessor:} 11. Re1 c5 12. dxc5 Ne5 13. cxd5 Bxc5 14. b4 Nxf3+ 15. Qxf3 Bf8 16. Bb2 Nxd5 17. Nxd5 Qxd5 {½-½ (55) Bajarani,U (2458)-Chasin,N (2276) Dulles 2021}) 11... Rc8 12. Bb2 c5 13. cxd5 cxd4 14. Qxd4 {[%emt 0:03:56] Strongly threatening dxe6.} Nc5 15. Qd1 ({But not} 15. b4 Nb3 16. Qd1 Nxa1 17. dxe6 Bxf3 18. Qxf3 {[#]} Rxe6 $1 19. Bxa1 a5 $17) (15. Rab1 $11) 15... Nxd5 $15 16. Nce4 Ba6 17. Be2 (17. Nxc5 $1 $15 Bxf1 18. Nxe6 fxe6 19. Qxf1) 17... Bxe2 $17 18. Qxe2 Nxb3 19. Rad1 {[%emt 0:00:10] Weighted Error Value: White=0.18 (very precise) /Black=0.05 (flawless)} 1/2-1/2

[Event "Olomouc Chess Summer-GM 2022"]
[Site "Olomouc"]
[Date "2022.08.19"]
[Round "8.4"]
[White "Frank, Adam"]
[Black "Stalmach, Richard"]
[Result "1/2-1/2"]
[ECO "B85"]
[WhiteElo "2313"]
[BlackElo "2363"]
[Annotator "TA"]
[PlyCount "54"]
[EventDate "2022.08.10"]
[EventCountry "CZE"]
[SourceTitle "playchess.com"]
[Source "ChessBase"]
[SourceQuality "1"]
[TimeControl "40/5400+30:1800+30"]

1. e4 c5 2. Nf3 Nc6 3. d4 cxd4 4. Nxd4 e6 5. Nc3 Qc7 6. Be3 a6 7. Be2 Nf6 8. O-O Be7 9. f4 d6 10. Qe1 O-O 11. Qg3 Bd7 12. e5 dxe5 {[%emt 0:00:58] The position is equal. B85: Sicilian Scheveningen: 6 Be2 a6, lines with early Be3.} 13. fxe5 Nxe5 14. Bf4 Bd6 15. Rad1 Qb8 16. Rd3 Ne8 (16... Nxd3 $2 17. Bxd6 Qa7 18. Qxd3 $18) 17. Ne4 $1 Bc7 18. Rc3 {[%emt 0:00:28][%cal Oc3c7] [#] Hoping for Rxc7!} Nc6 19. Bxc7 Nxd4 20. Bd3 {[%emt 0:05:17] This bishop pair is nice.} ({But not} 20. Bxb8 Nxe2+ 21. Kh1 Nxg3+ 22. Bxg3 Bc6 $17) 20... Qa7 {[%emt 0:01:27] Threatens to win with ...Ne2+.} 21. Nc5 Nxc7 22. Bxh7+ Kxh7 23. Qxg7+ $1 {[%emt 0:00:05][%mdl 64] [#] Decoy} Kxg7 24. Rg3+ {[%emt 0:00:02] [#]} Kh7 $146 ({Predecessor:} 24... Kh6 25. Rh3+ {½-½ (25) Otte,L (2240)-Sandor,C (2240) Munich 1993}) 25. Rh3+ Kg6 26. Rg3+ Kh5 27. Rh3+ Kg4 {[%emt 0:00:03] A balanced but interesting game.  Weighted Error Value: White=0.04 (flawless) /Black=0.03 (flawless)} 1/2-1/2